Map: Eternal Empire LE

Players

KingCobra

  • Race: Protoss Protoss
  • Spawn Location: 7:00

Lambo - Winner!

  • Race: Zerg Zerg
  • League: Master
  • Spawn Location: 1:00

Event: DreamHack SC2 Masters 2020 Fall

VOD

Have the link to the VOD?

Description

Time

  • Played on: Sept. 1, 2020, 1:01 p.m.
  • Length: 25:36

All games in this series

Show
View Real Time Build Order
Export as new Build Order

KingCobra Protoss 

Build Orders: 1 Gate Expand, Oracle Opening, Carriers 

Get SALT Encoding   

  12  0:02  Probe  
  13  0:14  Probe  
  13  0:19  Pylon  
  14  0:26  Probe  
  15  0:38  Gateway  
  15  0:39  Probe (Chrono Boost)  
  16  0:48  Probe (Chrono Boost)  
  16  0:49  Assimilator  
  17  0:53  Probe (Chrono Boost)  
  18  1:05  Probe (Chrono Boost)  
  18  1:08  Assimilator  
  19  1:17  Probe (Chrono Boost)  
  20  1:22  Probe (Chrono Boost)  
  21  1:27  Cybernetics Core  
  21  1:42  Nexus  
  21  1:45  Probe  
  22  1:51  Pylon  
  22  1:58  Probe (Chrono Boost)  
  23  2:10  Probe (Chrono Boost)  
  23  2:11  Stargate  
  23  2:15  Adept  
  26  2:19  Probe (Chrono Boost)  
  26  2:21  Warp Gate  
  27  2:24  Probe  
  28  2:34  Shield Battery  
  28  2:36  Probe  
  29  2:48  Void Ray  
  29  2:50  Probe (Chrono Boost)  
  30  2:55  Probe (Chrono Boost)  
  35  3:04  Probe (Chrono Boost)  
  35  3:05  Probe (Chrono Boost), Stalker  
  39  3:12  Probe x2  
  40  3:19  Pylon  
  41  3:24  Probe (Chrono Boost)  
  43  3:28  Probe (Chrono Boost)  
  43  3:32  Assimilator  
  43  3:36  Probe (Chrono Boost)  
  43  3:37  Assimilator  
  43  3:40  Oracle, Probe (Chrono Boost)  
  48  3:41  Probe (Chrono Boost)  
  49  3:49  Probe  
  49  3:51  Probe  
  49  3:55  Pylon  
  51  4:01  Probe  
  52  4:03  Probe  
  52  4:06  Nexus  
  53  4:12  Pylon  
  53  4:15  Twilight Council  
  53  4:17  Forge  
  53  4:18  Probe  
  53  4:21  Probe  
  55  4:30  Probe  
  56  4:33  Zealot  
  56  4:35  Shield Battery  
  58  4:40  Protoss Ground Weapons Level 1 (Chrono Boost), Gateway, Charge (Chrono Boost)  
  58  4:41  Gateway  
  58  4:47  Probe x2  
  60  4:57  Templar Archives  
  60  4:59  Probe  
  61  5:00  Pylon  
  61  5:03  Zealot  
  61  5:05  Probe  
  61  5:06  Pylon  
  64  5:11  Probe  
  65  5:17  Probe  
  65  5:18  Psionic Storm  
  64  5:21  Photon Cannon  
  64  5:23  Probe x2  
  65  5:29  Probe  
  65  5:35  Probe x2  
  68  5:36  High Templar  
  68  5:37  High Templar  
  68  5:41  Pylon  
  68  5:42  Probe  
  73  5:44  Assimilator  
  73  5:46  Pylon  
  73  5:47  Probe x2  
  73  5:48  Assimilator  
  75  5:54  Probe  
  76  5:58  High Templar  
  76  5:59  Probe x2  
  76  6:01  Gateway  
  76  6:02  Gateway  
  80  6:04  Gateway  
  80  6:06  Probe  
  81  6:11  Probe  
  81  6:16  Gateway  
  81  6:17  Gateway, Photon Cannon  
  82  6:18  High Templar x2  
  82  6:24  Probe  
  82  6:25  Probe x2  
  89  6:31  Fleet Beacon  
  89  6:37  High Templar  
  91  6:43  Photon Cannon  
  91  6:46  Photon Cannon  
  91  6:47  Stargate  
  91  6:49  Protoss Air Weapons Level 1 (Chrono Boost)  
  91  6:55  Zealot x2  
  95  7:04  Gateway  
  95  7:07  Gateway  
  95  7:19  Mothership (Chrono Boost)  
  95  7:28  Photon Cannon  
  95  7:29  Photon Cannon  
  105  7:30  Pylon  
  105  7:31  Pylon  
  105  7:33  Probe x2 (Chrono Boost)  
  105  7:42  Zealot x3  
  117  7:47  Photon Cannon  
  117  7:48  Pylon  
  117  7:55  Carrier (Chrono Boost)  
  117  7:58  Carrier (Chrono Boost)  
  117  8:04  Pylon  
  108  8:06  Pylon  
  108  8:11  Probe x2  
  104  8:20  High Templar x2, Pylon  
  104  8:25  High Templar, Probe x2 (Chrono Boost), Archon  
  104  8:26  High Templar  
  114  8:29  Archon  
  114  8:41  Probe x2 (Chrono Boost)  
  116  8:46  Photon Cannon  
  116  8:48  Probe  
  117  8:54  Carrier  
  117  9:04  Gateway  
  117  9:05  Protoss Air Weapons Level 2 (Chrono Boost)  
  117  9:22  Carrier  
  119  9:33  Probe x3  
  122  9:41  Zealot x3, Stargate  
  122  9:43  Pylon  
  122  9:44  Pylon  
  128  9:50  Pylon  
  128  9:56  High Templar x2  
  132  10:00  Archon  
  132  10:04  Protoss Ground Weapons Level 2 (Chrono Boost)  
  138  10:09  Carrier (Chrono Boost)  
  138  10:11  Probe x3  
  135  10:18  Robotics Facility  
  135  10:20  Zealot x2  
  139  10:28  Carrier (Chrono Boost)  
  141  10:37  Pylon  
  141  10:51  Stalker x8  
  157  11:03  Nexus, Blink (Chrono Boost)  
  157  11:15  Zealot  
  157  11:16  Zealot x4  
  166  11:27  Shield Battery  
  166  11:28  High Templar x2  
  166  11:29  Shield Battery  
  166  11:31  Photon Cannon  
  169  11:33  Archon  
  165  11:45  Nexus  
  163  11:47  Pylon  
  159  11:57  Observer  
  160  12:07  Photon Cannon  
  160  12:08  Photon Cannon  
  160  12:09  Probe x2  
  160  12:10  Protoss Air Weapons Level 3 (Chrono Boost)  
  160  12:11  Shield Battery x2  
  160  12:12  Pylon  
  162  12:17  Assimilator  
  162  12:18  Observer  
  162  12:22  Assimilator  
  163  12:26  Zealot x4  
  171  12:38  Protoss Ground Weapons Level 3 (Chrono Boost)  
  171  12:42  Stalker x4  
  173  12:59  Stargate  
  171  13:10  Pylon  
  171  13:11  Zealot x5  
  171  13:12  Zealot x4  
  179  13:48  Tempest x3 (Chrono Boost)  
  197  13:58  Tempest (Chrono Boost)  
  187  14:56  Zealot x6  
  197  15:04  Carrier x2 (Chrono Boost)  
  197  15:05  Carrier x2 (Chrono Boost)  
  187  15:20  Unknown  
  177  16:27  Nexus  
  177  16:29  Pylon  
  177  16:31  Assimilator  
  177  16:33  High Templar x4  
  177  16:36  High Templar  
  187  16:40  Archon x2  
  187  17:12  Mothership (Chrono Boost)  
  181  17:26  Zealot x3  
  187  17:35  Photon Cannon  
  187  17:36  Shield Battery  
  187  17:57  Zealot x2  
  187  17:58  Zealot x3  
  177  18:20  High Templar  
  177  18:21  High Templar x4  
  177  18:26  Archon x2  
  182  18:27  High Templar  
  182  18:32  Archon  
  183  18:47  Carrier x3 (Chrono Boost)  
  183  18:48  Carrier (Chrono Boost)  
  169  18:54  Observer  
  194  18:59  Zealot x3  
  196  19:44  Oracle (Chrono Boost)  
  182  20:03  High Templar x3  
  182  20:04  High Templar  
  182  20:06  Zealot  
  141  20:41  Carrier x3 (Chrono Boost)  
  141  20:42  Carrier (Chrono Boost)  
  141  20:46  Zealot x7  
  141  20:47  Zealot  
  173  21:01  Zealot  
  167  21:17  High Templar x4  
  167  21:22  Archon x2  
  167  21:29  Zealot x4  
  167  21:30  Zealot  
  171  22:01  Zealot x7  
  175  22:05  Nexus  
  179  22:08  Pylon  
  179  22:13  Unknown  
  169  22:41  Shield Battery  
  169  22:43  Shield Battery  
  169  22:44  Observer  
  169  22:46  Photon Cannon  
  169  22:47  Photon Cannon  
  169  22:50  Stalker x6  
  169  22:51  Stalker x3  
  178  22:59  Stalker  
  178  23:00  Stalker  
  174  23:19  Zealot x2  
  174  23:37  Zealot x4  
  178  23:50  Zealot  
  178  23:51  Zealot x4  
  162  24:25  Zealot x4  
  162  24:28  Nexus  
  162  24:30  Pylon  
  162  24:31  High Templar x4  
  176  24:32  High Templar  
  176  24:33  High Templar  
  176  24:36  Archon x2  
  176  24:37  Archon  
  172  24:50  Zealot  
  174  24:55  Shield Battery  
  174  24:57  Shield Battery  
  174  24:59  Photon Cannon  
  170  25:00  Photon Cannon  
  170  25:02  Unknown  
  170  25:05  Zealot x4  
Show
View Real Time Build Order
Export as new Build Order

Lambo Zerg - Winner!

Build Orders: Hatch First, Lurkers 

Get SALT Encoding   

  12  0:00  Drone  
  13  0:12  Overlord  
  13  0:16  Drone  
  14  0:31  Drone x2  
  16  0:47  Hatchery  
  15  0:52  Drone  
  15  0:54  Drone  
  17  0:58  Drone  
  18  1:09  Extractor  
  17  1:14  Spawning Pool  
  17  1:16  Drone  
  17  1:20  Drone  
  18  1:28  Drone  
  19  1:38  Drone  
  20  1:51  Overlord  
  21  2:01  Zergling x2  
  21  2:02  Drone  
  22  2:10  Drone  
  22  2:11  Drone  
  22  2:12  Queen x2  
  28  2:25  Drone x2  
  28  2:27  Hatchery  
  29  2:34  Drone x2  
  31  2:39  Metabolic Boost  
  31  2:46  Drone  
  31  2:51  Queen, Overlord  
  34  2:55  Zergling x2  
  34  2:56  Drone  
  36  3:07  Overlord  
  36  3:11  Drone  
  37  3:18  Drone x2  
  39  3:21  Drone x3  
  39  3:23  Queen  
  39  3:26  Queen  
  46  3:27  Drone  
  46  3:32  Drone  
  48  3:40  Overlord  
  48  3:41  Drone x2  
  50  3:48  Queen, Spore Crawler x2  
  49  3:53  Overlord  
  50  3:58  Drone  
  50  3:59  Drone x2  
  50  4:00  Zergling x6  
  50  4:02  Drone x2  
  58  4:05  Overlord  
  58  4:10  Spore Crawler  
  57  4:17  Zergling x2  
  57  4:18  Zergling x2  
  57  4:19  Zergling x4  
  61  4:24  Drone x3  
  61  4:28  Lair  
  63  4:32  Drone, Extractor x2  
  63  4:33  Drone  
  63  4:35  Drone  
  64  4:39  Queen  
  64  4:43  Drone x6  
  64  4:45  Drone  
  73  4:55  Overlord  
  73  4:59  Overlord  
  73  5:00  Overlord  
  73  5:01  Overlord  
  73  5:02  Evolution Chamber  
  73  5:03  Baneling Nest  
  73  5:04  Drone x2  
  73  5:12  Drone  
  73  5:14  Overlord  
  76  5:15  Drone x5  
  76  5:17  Drone x2  
  80  5:24  Overlord  
  80  5:25  Drone x2  
  82  5:30  Drone x2  
  82  5:32  Drone x3, Pneumatized Carapace  
  87  5:39  Hatchery  
  86  5:43  Drone x2  
  86  5:44  Hydralisk Den  
  86  5:45  Drone, Extractor  
  86  5:48  Drone x2, Extractor  
  86  5:49  Overseer  
  88  5:52  Zerg Missile Weapons Level 1  
  88  5:53  Drone  
  88  5:56  Drone x2, Extractor  
  90  5:57  Drone  
  90  5:59  Drone  
  90  6:01  Overlord  
  90  6:03  Drone x2  
  94  6:10  Drone x3, Overlord  
  97  6:12  Drone x4  
  100  6:20  Muscular Augments  
  100  6:22  Drone x2  
  100  6:23  Evolution Chamber  
  100  6:24  Drone  
  100  6:25  Drone  
  103  6:26  Spore Crawler  
  103  6:28  Centrifical Hooks  
  103  6:30  Unknown  
  103  6:32  Drone x4  
  105  6:34  Drone  
  105  6:36  Overlord  
  105  6:37  Zergling x4  
  108  6:41  Hydralisk x2  
  112  6:48  Hydralisk  
  112  6:49  Hydralisk x2  
  118  6:58  Zerg Melee Weapons Level 1  
  118  7:00  Drone  
  119  7:01  Overlord  
  119  7:02  Infestation Pit  
  119  7:04  Hydralisk  
  119  7:06  Hatchery  
  119  7:07  Hydralisk x2  
  122  7:12  Hydralisk x2  
  122  7:13  Hydralisk  
  128  7:18  Hydralisk x3  
  134  7:25  Drone, Hydralisk x2  
  134  7:27  Spire  
  134  7:28  Zergling x6  
  140  7:31  Grooved Spines  
  140  7:34  Baneling x4  
  140  7:35  Overlord, Zergling x4  
  142  7:37  Zergling x8  
  142  7:38  Zergling x2  
  142  7:42  Overlord x2  
  147  7:45  Zergling x10  
  147  7:50  Zergling x10  
  155  7:54  Zerg Missile Weapons Level 2  
  155  7:57  Hydralisk  
  155  7:58  Hydralisk x2  
  161  8:00  Overlord  
  161  8:05  Overlord  
  159  8:08  Hive  
  159  8:09  Drone, Spire  
  159  8:10  Overlord  
  159  8:11  Drone  
  159  8:12  Drone  
  160  8:17  Drone x4  
  164  8:20  Overseer  
  164  8:22  Baneling x4  
  164  8:31  Drone x4  
  164  8:32  Drone  
  169  8:38  Baneling x4  
  169  8:43  Zerg Flyer Weapons Level 1  
  169  8:44  Pathogen Glands  
  169  8:45  Drone x2  
  169  8:46  Extractor, Hatchery  
  169  8:47  Extractor  
  168  8:49  Overseer  
  165  9:08  Corruptor x10  
  185  9:13  Overlord  
  185  9:15  Overlord  
  183  9:19  Overlord  
  183  9:21  Corruptor x2, Overlord  
  183  9:22  Corruptor  
  187  9:32  Zerg Ground Armor Level 1  
  187  9:36  Lurker Den  
  186  9:41  Zergling x2  
  186  9:42  Zergling x10  
  192  9:48  Overseer  
  192  9:49  Corruptor x2  
  192  9:50  Corruptor  
  197  10:03  Zerg Flyer Armor Level 1  
  197  10:04  Unknown  
  196  10:11  Corruptor x2  
  196  10:13  Overlord  
  198  10:17  Zerg Missile Weapons Level 3  
  198  10:35  Seismic Spines, Corruptor x2  
  194  11:06  Drone x6  
  200  11:13  Zerg Flyer Weapons Level 2  
  200  11:18  Spore Crawler  
  199  11:20  Spore Crawler x3  
  199  11:21  Drone x4  
  200  11:32  Adaptive Talons  
  199  11:35  Neural Parasite  
  199  11:42  Spore Crawler  
  199  11:43  Spore Crawler x2  
  195  11:47  Spore Crawler x2  
  195  11:48  Viper  
  194  12:01  Ultralisk Cavern, Spore Crawler  
  193  12:03  Spore Crawler  
  193  12:06  Spore Crawler  
  193  12:07  Spore Crawler  
  193  12:08  Spore Crawler  
  188  12:09  Spore Crawler  
  188  12:10  Corruptor, Spore Crawler x2  
  188  12:11  Corruptor x2  
  188  12:13  Lurker x6  
  197  12:18  Drone x2  
  199  12:26  Unknown, Hatchery  
  188  12:30  Drone x13  
  188  12:33  Spore Crawler x2  
  188  12:35  Spore Crawler x2  
  195  12:37  Spore Crawler  
  195  12:38  Corruptor x3, Spore Crawler  
  195  12:43  Spore Crawler  
  198  12:44  Zerg Melee Weapons Level 2, Spore Crawler x2  
  198  12:45  Spore Crawler x4  
  198  12:46  Spore Crawler x2  
  198  12:48  Viper  
  193  12:54  Zerg Ground Armor Level 2  
  193  12:57  Drone x3  
  196  12:59  Chitinous Plating  
  196  13:08  Lurker x3  
  196  13:09  Lurker  
  197  13:23  Overseer x4  
  196  13:29  Zergling x6  
  199  13:40  Zergling x10  
  200  13:42  Adrenal Glands  
  197  14:01  Drone x3  
  196  14:03  Corruptor x2  
  188  14:18  Zergling x20, Anabolic Synthesis  
  195  14:30  Zerg Flyer Armor Level 2  
  195  14:31  Zerg Flyer Weapons Level 3  
  188  14:56  Unknown  
  184  15:14  Viper x2  
  179  15:17  Drone x3  
  179  15:18  Drone x5  
  193  15:31  Corruptor x3  
  196  15:50  Corruptor x2  
  196  15:52  Zerg Ground Armor Level 3  
  196  15:53  Zerg Melee Weapons Level 3  
  195  16:03  Overseer  
  191  16:10  Spore Crawler x3  
  182  16:13  Spore Crawler  
  182  16:14  Spore Crawler  
  182  16:15  Ultralisk x3, Spore Crawler  
  182  16:16  Ultralisk  
  197  16:19  Hatchery  
  196  16:33  Spore Crawler  
  196  16:34  Spore Crawler x2  
  193  16:56  Corruptor x2  
  181  17:26  Ultralisk x2  
  181  17:28  Overlord, Overseer x7  
  181  17:29  Drone x4  
  198  17:30  Drone x3  
  198  17:31  Zerg Flyer Armor Level 3  
  198  17:33  Overseer  
  161  18:07  Corruptor x11  
  161  18:10  Ultralisk  
  161  18:11  Ultralisk x3  
  193  18:16  Zergling x2  
  193  18:17  Zergling x20  
  195  18:42  Viper x2  
  195  18:48  Baneling x9  
  188  19:02  Drone x2  
  188  19:03  Drone  
  189  19:18  Drone, Extractor, Hatchery  
  189  19:19  Overlord x2, Unknown  
  189  19:20  Hatchery  
  189  19:23  Extractor  
  185  19:28  Drone x4  
  188  19:34  Overlord x3  
  184  19:45  Overlord  
  182  19:47  Overlord  
  182  19:49  Overlord  
  179  20:03  Drone x11  
  179  20:05  Extractor  
  188  20:07  Extractor  
  188  20:10  Baneling x10  
  187  20:14  Corruptor x2  
  187  20:16  Zergling x18  
  181  20:35  Zergling x42  
  157  20:39  Drone x10  
  157  20:41  Queen x2  
  182  20:49  Infestor x3  
  178  20:50  Infestor x2  
  178  20:52  Viper  
  178  20:56  Corruptor x3  
  195  20:58  Overlord, Overseer  
  195  20:59  Queen x2, Overseer  
  195  21:01  Zergling x2  
  197  21:10  Corruptor x3  
  200  21:15  Baneling x10  
  198  21:30  Infestor  
  200  21:34  Greater Spire  
  200  21:45  Infestor x2  
  196  21:47  Viper  
  196  21:50  Drone x3  
  187  22:09  Infestor x4  
  187  22:11  Burrow  
  187  22:14  Infestor  
  187  22:15  Infestor  
  196  22:19  Drone  
  196  22:20  Drone x3  
  200  22:36  Zergling x8  
  200  22:43  Zergling x8  
  188  22:51  Zergling x28  
  200  22:58  Extractor  
  197  23:10  Zergling x16  
  198  23:15  Drone x2  
  200  23:35  Spore Crawler x2  
  200  23:36  Spore Crawler x3  
  200  23:38  Spore Crawler  
  200  23:39  Spore Crawler  
  193  23:49  Baneling x8  
  193  23:51  Hatchery  
  178  24:22  Brood Lord x6  
  190  24:26  Infestor  
  190  24:28  Zergling x6  
  190  24:31  Overseer x2  
  193  24:32  Overseer  
  192  24:44  Hatchery  
  192  24:45  Zergling x12  
  199  24:52  Brood Lord  
  193  24:53  Overlord  
  193  24:56  Overseer x3  

Tags
 
Add a new tag
Caveats
  • Supply blocks, unpowered buildings, or Contaminate may cause inaccurate times.
  • Supply counts are checked every 10 seconds.